 Dungeon Crawl Stone Soup version 0.30-a0-50-gb2d611f6b1 (webtiles) character file.

Game seed: 5609847388904137078

74309 Bikalo the Impaler (level 15, -1/136 HPs)
             Began as a Hill Orc Monk on Sept 5, 2022.
             Was a High Priest of Beogh.
             Slain by a shock serpent (11 damage)
             ... in a wizard's laboratory.
             The game lasted 01:12:13 (31367 turns).

Bikalo the Impaler (Hill Orc Monk)                 Turns: 31367, Time: 01:12:14

Health: -1/136     AC: 27    Str: 24    XL:     15   Next: 46%
Magic:  27/33      EV:  7    Int: 14    God:    Beogh [*****.]
Gold:   1647       SH: 20    Dex: 12    Spells: 14/14 levels left

rFire   + + .      SeeInvis .    k - +10 spear "Goorioch" {vorpal, rF+ rC++}
rCold   + + .      Faith    .    d - +0 tower shield
rNeg    . . .      Spirit   .    U - +0 plate armour
rPois   .          Reflect  +    g - +1 hat "Ucveamn" {rF+ MP+9 Str+3}
rElec   +          Harm     .    S - +0 cloak
rCorr   .          Rampage  +    N - +2 pair of gloves {infuse}
Will    +++..      NoCast   +    D - +1 pair of boots "Amorappo" {-Cast Rampage rElec Will++}
Stlth   ..........               Q - amulet of reflection
HPRegen 0.32/turn                K - +4 ring of protection
MPRegen 0.23/turn                Y - +4 ring of slaying

@: lethally poisoned (-1 -> -7), about to teleport
A: walk on water, hooves 1, clever 1, MP-powered wands
a: Renounce Religion, Smiting, Recall Orcish Followers, Give Item to Named
Follower


You were in a wizard's laboratory.
You worshipped Beogh.
Beogh was extremely pleased with you.
You visited 4 branches of the dungeon, and saw 24 of its levels.
You also visited: Wizlab.

You collected 2481 gold pieces.
You spent 834 gold pieces at shops.

Inventory:

Hand Weapons
 k - the +10 spear "Goorioch" (weapon) {vorpal, rF+ rC++}
   (You found it on level 2 of the Dungeon)

   It inflicts extra damage upon your enemies.
   rF:        It protects you from fire.
   rC:        It greatly protects you from cold.
 W - a +1 demon whip of venom
Missiles
 v - 3 curare-tipped darts (quivered)
 z - 6 atropa-tipped darts
Armour
 c - the +2 ring mail of Leapfrog {Int+4}
   (You found it on level 6 of the Dungeon)

   Int:       It affects your intelligence (+4).
 d - a +0 tower shield (worn)
 g - the +1 hat "Ucveamn" (worn) {rF+ MP+9 Str+3}
   (You acquired it on level 1 of the Elven Halls)

   Str:       It affects your strength (+3).
   rF:        It protects you from fire.
   MP:        It affects your magic capacity (+9).
 j - a +1 helmet
 D - the +1 pair of boots "Amorappo" (worn) {-Cast Rampage rElec Will++}
   (You found it on level 7 of the Dungeon)

   rElec:     It insulates you from electricity.
   -Cast:     It prevents spellcasting.
   Rampage:   It bestows one free step when moving towards enemies.
   Will:      It greatly increases your willpower.
 N - a +2 pair of gloves of infusion (worn)
 S - a +0 cloak (worn)
 U - a +0 plate armour (worn)
Jewellery
 a - a +6 ring of strength
 b - a ring of flight
 s - a ring of protection from cold
 F - the ring "Anaghal" {*Slow rC++ MP-9 EV+4 SInv}
   (You found it on level 15 of the Dungeon)

   [ring of evasion]

   EV:        It affects your evasion (+4).
   rC:        It greatly protects you from cold.
   MP:        It affects your magic capacity (-9).
   SInv:      It lets you see invisible.
   *Slow:     It may slow you when you take damage.
 K - a +4 ring of protection (left hand)
 P - the ring of Idotabol {Fly rN+++ MP+9 Str-2 Int-3}
   (You found it on level 14 of the Dungeon)

   [ring of flight]

   Str:       It affects your strength (-2).
   Int:       It affects your intelligence (-3).
   rN:        It renders you almost immune to negative energy.
   MP:        It affects your magic capacity (+9).
   Fly:       It grants you flight.
 Q - an amulet of reflection (around neck)
 Y - a +4 ring of slaying (right hand)
Wands
 r - a wand of paralysis (30)
 w - a wand of light (13)
 B - a wand of iceblast (21)
 E - a wand of digging (8)
 G - a wand of polymorph (9)
 J - a wand of mindburst (32)
Scrolls
 f - 11 scrolls of identify
 n - 2 scrolls of magic mapping
 p - 2 scrolls of enchant weapon {unknown}
 t - a scroll of enchant armour
 u - 5 scrolls of amnesia
 C - a scroll of silence
 I - a scroll of blinking
 T - 3 scrolls of fog
 X - 2 scrolls of teleportation
 Z - a scroll of fear {unknown}
Potions
 e - 8 potions of curing
 i - 4 potions of invisibility
 l - 4 potions of flight
 o - 2 potions of berserk rage
 q - 4 potions of might
 x - 3 potions of resistance
 M - 2 potions of magic
 O - 6 potions of brilliance
 V - 3 potions of heal wounds
Miscellaneous
 h - a condenser vane
 H - a piece from Xom's chessboard (15/15)
 R - a lightning rod (4/4)


   Skills:
 + Level 13.3 Fighting
 * Level 16.8 Polearms
 - Level 2.0 Throwing
 + Level 11.8 Armour
 - Level 8.0 Dodging
 - Level 1.5 Stealth
 + Level 9.2 Shields
 + Level 13.1 Invocations
 - Level 5.0 Evocations


You had 14 spell levels left.
You didn't know any spells.
Your spell library contained the following spells:

 Spells                   Type           Power      Damage    Failure   Level
 Apportation              Tloc           0%         N/A       100%        1
 Necrotise                Necr           0%         1d4       100%        1
 Sandblast                Erth           0%         2d4       100%        1
 Summon Small Mammal      Summ           0%         N/A       100%        1
 Ensorcelled Hibernation  Hex/Ice        0%         N/A       100%        2
 Passwall                 Tmut/Erth      0%         N/A       100%        2
 Dazzling Flash           Conj/Hex       0%         N/A       100%        3
 Frozen Ramparts          Ice            0%         1d1       100%        3
 Ignite Poison            Fire/Tmut/Pois 0%         N/A       100%        3
 Mephitic Cloud           Conj/Pois/Air  0%         N/A       100%        3
 Stone Arrow              Conj/Erth      0%         3d7       100%        3
 Swiftness                Air            0%         N/A       100%        3
 Tukima's Dance           Hex            0%         N/A       100%        3
 Animate Armour           Summ/Erth      0%         N/A       100%        4
 Fulminant Prism          Conj/Hex       0%         3d6       100%        4
 Ice Form                 Ice/Tmut       0%         N/A       100%        4
 Iskenderun's Mystic Bla  Conj/Tloc      0%         2d3       100%        4
 Leda's Liquefaction      Hex/Erth       0%         N/A       100%        4
 Passage of Golubria      Tloc           0%         N/A       100%        4
 Summon Ice Beast         Ice/Summ       0%         N/A       100%        4
 Blade Hands              Tmut           0%         N/A       100%        5
 Freezing Cloud           Conj/Ice/Air   0%         6-21      100%        5
 Lee's Rapid Deconstruct  Erth           0%         3d5*      100%        5
 Summon Forest            Summ/Tloc      0%         N/A       100%        5
 Summon Mana Viper        Hex/Summ       0%         N/A       100%        5
 Yara's Violent Unravell  Hex/Tmut       0%         3d3       100%        5
 Iron Shot                Conj/Erth      0%         9d1       100%        6
 Starburst                Conj/Fire      0%         6d3       100%        6
 Statue Form              Tmut/Erth      0%         N/A       100%        6
 Summon Cactus Giant      Summ           0%         N/A       100%        6


Dungeon Overview and Level Annotations

Branches:
Dungeon (15/15)            Temple (0/1) D:6            Lair (5/5) D:8
 Shoals (0/4) Lair:3        Snake (0/4) Lair:3        Slime (0/5) Lair:5
    Orc (2/2) D:10            Elf (2/3) Orc:2        Vaults (0/5) D:13
 Depths (0/4) D:15         WizLab (1/1)

Altars:
Cheibriados
Hepliaklqana
Makhleb
Qazlal
Trog
Wu Jian
Yredelemnul
Jiyva

Shops:
D:8 *   D:9 [   D:12 *   D:15 **   Orc:2 =:([(   Elf:1 ([(=

Annotations:
D:5 2 transporters
Lair:5 exclusion: 4 oklob plants


Innate Abilities, Weirdness & Mutations

You can walk on water.
You have large cloven feet.
Your mind is acute. (Int +4, Str/Dex -1)
You expend magic power (3 MP) to strengthen your wands.


Message History

The bolt of electricity hits your orc!!
Your orc dies!
The shock serpent shoots out a bolt of lightning at you!
The bolt of electricity hits you. You resist.
You feel very sick.
The shock serpent shoots out a bolt of lightning at you!
The bolt of electricity hits you. You resist.
The bolt of electricity hits your orc priest!!
Your orc priest dies!
Things that are here:
a +1 flail of pain; an orc corpse You feel very sick.
Items here: )) [[ †.
Aiming: Smiting
Press: ? - help, Dir - move target, f - shock serpent Smite: a shock serpent (white fluffiness)
You smite the shock serpent!!!
The shock serpent is almost dead.
The shock serpent's electric aura discharges violently, shocking you!
You resist.
You feel very sick. You block the shock serpent's attack.
The shock serpent shoots out a bolt of lightning at you!
The bolt of electricity hits you. You resist.
* * * LOW HITPOINT WARNING * * *
The bolt of electricity hits you. You resist.
* * * LOW HITPOINT WARNING * * *
As you read the scroll of teleportation, it crumbles to dust.
You feel strangely unstable.
You feel sick. The shock serpent bites you!
* * * LOW HITPOINT WARNING * * *
The shock serpent shocks you. You resist.
* * * LOW HITPOINT WARNING * * *
You block the shock serpent's attack. x2
The shock serpent shoots out a bolt of lightning at you!
The bolt of electricity hits the shock serpent.
The shock serpent completely resists.
The bolt of electricity hits you. You resist.
* * * LOW HITPOINT WARNING * * *
The shock serpent bites you!
You die...

..###..§.......##≈≈≈≈
...###.o.§......#≈≈≈≈
§#####o##......##≈≈≈
. ##.oo##§§....#≈≈≈
##.....##§....##≈≈
#.......#..§.§.#≈≈
+.∩.∩.∩.+..§.§§#≈≈
#.......##§§§§##≈
##.....##@§.§§§#≈≈
##...##SS§..§##≈≈
..§##+##§S§§§§##≈≈≈
...§§.S§§§..###≈≈≈≈
...§§§...§§########
..........§§.
#........#####
##.§§§§.##≈≈≈≈#
≈##§§§§##≈≈≈≈≈#


You could see 3 shock serpents.

Vanquished Creatures
  The ghost of Cakin the Tortoise, an adept DDNe of Okawaru (Elf:1)
  A deep elf sorcerer (Elf:1)
  A deep elf annihilator (Elf:1)
  2 hydras
  3 centaur warriors
  An ogre mage (Orc:2)
  The ghost of exoticroomba the Severer, a novice HOFi of Beogh (D:8)
  5 dancing weapons
  4 two-headed ogres
  3 death yaks
  A deep troll shaman (Lair:5)
  6 deep elf knights
  A death drake (WizLab)
  A lindwurm (Lair:3)
  6 deep elf pyromancers
  A wolf spider (D:15)
  6 deep elf zephyrmancers
  4 cyclopes
  An oklob plant (Lair:2)
  2 manticores (D:12)
  An ugly thing (D:13)
  2 gargoyles
  3 cane toads
  A naga mage (D:15)
  A torpor snail (Lair:2)
  Maggie (D:8)
  3 kobold demonologists (D:11)
  2 rime drakes
  3 komodo dragons
  2 polar bears
  A meliai (D:14)
  7 trolls
  A hornet (shapeshifter) (D:13)
  A hornet (D:4)
  Prince Ribbit (D:6)
  2 wolf spider simulacra
  A slime creature (D:9)
  3 blink frogs
  2 dream sheep (Lair:5)
  Sigmund (D:2)
  3 centaur simulacra
  6 air elementals
  A human (D:13)
  2 vampires (D:12)
  A water elemental (Elf:1)
  2 wraiths
  12 yaks
  6 wyverns
  A basilisk (D:12)
  A vampire mosquito (D:7)
  2 nagas (Lair:3)
  Duvessa (D:5)
  3 ice beasts (D:7)
  A sky beast (D:7)
  3 black bears
  A meliai simulacrum (D:13)
  3 orc warriors
  7 ogres
  4 wolves
  5 centaurs
  A phantom (D:5)
  3 kobold brigands
  7 bullfrogs
  Blork the orc (D:5)
  A necrophage (D:6)
  2 gnoll sergeants
  3 scorpions (D:6)
  6 killer bees
  2 howler monkeys (D:9)
  2 electric eels
  5 crimson imps (D:13)
  A quasit (D:7)
  2 hounds
  A gnoll bouda (D:8)
  8 orc priests
  A jelly (D:7)
  5 iguanas
  7 orc wizards
  A hell rat (D:8)
  3 adders
  9 gnolls
  7 shadow imps
  4 white imps (D:7)
  6 ufetubi
  2 worms
  A dart slug (D:1)
  14 orcs
  2 endoplasms
  2 giant cockroaches (D:1)
  12 hobgoblins
  7 jackals
  23 kobolds
  2 quokkas
  13 ball pythons
  2 bats
  A frilled lizard (D:1)
  10 goblins
  A jackal zombie (D:5)
  6 rats
341 creatures vanquished.

Vanquished Creatures (collateral kills)
  Jorgrun (D:15)
  A dire elephant (D:15)
  The ghost of Teubagezo the Eclecticist, a journeyman DECj of Vehumet (Lair:5)
  3 vault guards (D:13)
  3 boulder beetles
  10 two-headed ogres
  A catoblepas (Lair:5)
  An ogre mage (Orc:2)
  The ghost of nmsoi the Martial Artist, a novice GnWn of Ashenzari (D:8)
  A dancing weapon (Elf:2)
  5 death yaks
  2 tengu warriors (D:15)
  Amaemon (D:9)
  2 deep trolls (Orc:2)
  3 deep elf archers
  4 deep elf pyromancers (Elf:1)
  4 deep elf zephyrmancers (Elf:1)
  An orc knight (Orc:1)
  2 cyclopes
  A manticore (D:14)
  3 ugly things (D:15)
  3 oklob plants (Lair:5)
  Joseph (D:10)
  Maurice (D:10)
  4 black mambas
  8 cane toads
  6 elephants (Lair:5)
  An orange demon (D:9)
  2 komodo dragons
  3 orc wizards
  2 meliai (D:14)
  3 polar bears
  2 slime creatures (D:15)
  8 trolls
  4 blink frogs
  3 dream sheep (Lair:5)
  An air elemental (Elf:1)
  A centaur simulacrum (D:13)
  19 yaks
  2 wyverns
  2 basilisks
  A vampire (D:12)
  4 fire bats (Lair:5)
  2 wraiths
  8 humans (D:13)
  3 vampire mosquitoes (D:14)
  A redback simulacrum (D:13)
  2 steam dragons
  10 water moccasins
  A meliai simulacrum (D:13)
  4 ice beasts (D:13)
  6 orc warriors
  A black bear (Lair:5)
  17 ogres
  7 wolves (Lair:5)
  2 kobold brigands (D:8)
  A bullfrog (Lair:2)
  An earth elemental (Elf:1)
  Dowan (D:5)
  10 killer bees
  An electric eel (D:13)
  A howler monkey (D:8)
  4 crimson imps (D:13)
  6 orc priests
  A gnoll bouda (Orc:2)
  A boggart simulacrum (D:13)
  4 gnolls
  A shadow imp (D:8)
  A white imp (D:13)
  An ufetubus (D:13)
  14 orcs
  A quokka (D:8)
  3 kobolds
  A plant (Lair:5)
249 creatures vanquished.

Vanquished Creatures (others)
  Urug (Lair:5)
  6 orc knights
  An air elemental (Elf:2)
  4 orc warriors
  A human (D:5)
  2 orc priests (WizLab)
  A necrophage (D:7)
  A scorpion (D:5)
  3 orc wizards
  41 orcs
  17 ball lightnings (Elf:2)
  A demonic plant (D:7)
  44 fungi
  61 plants
  6 withered plants (D:8)
190 creatures vanquished.

Grand Total: 780 creatures vanquished

Notes
Turn   | Place    | Note
-------+----------+-------------------------------------------
     0 | D:1      | Bikalo the Hill Orc Monk began the quest for the Orb.
     0 | D:1      | Reached XP level 1. HP: 19/19 MP: 1/1
   272 | D:1      | Found a faded altar of an unknown god.
   279 | D:1      | Reached XP level 2. HP: 23/27 MP: 2/2
   785 | D:1      | Reached XP level 3. HP: 33/33 MP: 3/3
   922 | D:1      | Reached skill level 4 in Polearms
  1160 | D:2      | Identified the +10 spear "Goorioch" {vorpal, rF+ rC++}
  1252 | D:2      | Reached skill level 1 in Armour
  1262 | D:2      | Noticed Sigmund
  1588 | D:2      | Gained mutation: You are partially covered in iridescent
                  | scales. (AC +2) [potion of mutation]
  1747 | D:2      | Killed Sigmund
  1748 | D:2      | Reached skill level 5 in Polearms
  1748 | D:2      | Reached skill level 1 in Throwing
  1748 | D:2      | Reached XP level 4. HP: 6/41 MP: 4/4
  1748 | D:2      | Reached XP level 5. HP: 7/47 MP: 5/5
  2503 | D:3      | Reached XP level 6. HP: 53/53 MP: 6/6
  2802 | D:3      | Identified the +8 whip of Intuition {vorpal, Int+7 Dex+4}
  2870 | D:3      | Lost mutation: You are partially covered in iridescent
                  | scales. (AC +2) [potion of mutation]
  2870 | D:3      | Gained mutation: You do not regenerate when monsters are
                  | visible. [potion of mutation]
  2870 | D:3      | Gained mutation: You are partially covered in iridescent
                  | scales. (AC +2) [potion of mutation]
  2870 | D:3      | Gained mutation: You occasionally lose the ability to read
                  | scrolls when taking damage. [potion of mutation]
  2870 | D:3      | Gained mutation: Your spells are a little harder to cast,
                  | but a little more powerful. [potion of mutation]
  2984 | D:3      | Found a burning altar of Makhleb.
  2984 | D:3      | Noticed a green death
  3246 | D:4      | Found a hazy altar of Hepliaklqana.
  3277 | D:4      | Became a worshipper of Beogh the Brigand
  3277 | D:4      | Reached * piety under Beogh
  3277 | D:4      | Reached ** piety under Beogh
  3342 | D:4      | Noticed a hornet
  3354 | D:4      | Killed a hornet
  3355 | D:4      | Reached skill level 5 in Fighting
  3355 | D:4      | Reached XP level 7. HP: 41/61 MP: 7/7
  3489 | D:4      | Reached skill level 6 in Polearms
  3772 | D:4      | Found a snail-covered altar of Cheibriados.
  3782 | D:4      | You fall into a shaft and drop 1 floor!
  3782 | D:5      | Entered Level 5 of the Dungeon
  3835 | D:5      | Noticed Blork the orc
  3849 | D:5      | Killed Blork the orc
  3866 | D:5      | Lost mutation: Your spells are a little harder to cast, but
                  | a little more powerful. [potion of mutation]
  3866 | D:5      | Lost mutation: You occasionally lose the ability to read
                  | scrolls when taking damage. [potion of mutation]
  3866 | D:5      | Lost mutation: You do not regenerate when monsters are
                  | visible. [potion of mutation]
  3866 | D:5      | Gained mutation: You are mostly covered in iridescent
                  | scales. (AC +4) [potion of mutation]
  3866 | D:5      | Gained mutation: You expend magic power (3 MP) to
                  | strengthen your wands. [potion of mutation]
  4068 | D:5      | Reached XP level 8. HP: 70/70 MP: 8/8
  4069 | D:5      | Found a bloodstained altar of Trog.
  4076 | D:5      | Found a runed translucent door.
  4082 | D:5      | Found a basalt altar of Yredelemnul.
  4177 | D:5      | Found an ornate altar of the Wu Jian Council.
  4235 | D:5      | Noticed Dowan
  4266 | D:5      | Found a transporter.
  4269 | D:5      | Noticed a kobold demonologist
  4284 | D:5      | Found a transporter.
  4364 | D:5      | Reached skill level 7 in Polearms
  4364 | D:5      | Reached skill level 1 in Invocations
  4458 | D:5      | Noticed Duvessa
  4712 | D:6      | Reached skill level 1 in Evocations
  4737 | D:6      | Noticed Prince Ribbit
  4750 | D:6      | Killed Prince Ribbit
  4806 | D:6      | Reached XP level 9. HP: 27/78 MP: 11/11
  5099 | D:6      | Reached skill level 8 in Polearms
  5114 | D:6      | Identified the +2 ring mail of Leapfrog {Int+4}
  5245 | D:6      | Found a staircase to the Ecumenical Temple.
  5534 | D:7      | Found a stormy altar of Qazlal.
  5570 | D:7      | Reached *** piety under Beogh
  5729 | D:7      | Reached skill level 5 in Armour
  5910 | D:7      | Noticed a two-headed ogre
  5910 | D:7      | Noticed a deep elf pyromancer
  5917 | D:7      | Killed a two-headed ogre
  5918 | D:7      | Reached skill level 9 in Polearms
  5918 | D:7      | Reached skill level 5 in Dodging
  5919 | D:7      | Killed a deep elf pyromancer
  5920 | D:7      | Reached skill level 5 in Invocations
  5920 | D:7      | Reached XP level 10. HP: 54/86 MP: 6/13
  6669 | D:7      | Lost mutation: You expend magic power (3 MP) to strengthen
                  | your wands. [potion of mutation]
  6669 | D:7      | Lost mutation: You are mostly covered in iridescent scales.
                  | (AC +4) [potion of mutation]
  6669 | D:7      | Lost mutation: You are partially covered in iridescent
                  | scales. (AC +2) [potion of mutation]
  6669 | D:7      | Gained mutation: You occasionally shout uncontrollably at
                  | your foes. [potion of mutation]
  6669 | D:7      | Gained mutation: You are clumsy. (Dex -2) [potion of
                  | mutation]
  6669 | D:7      | Gained mutation: Your mind is acute. (Int +4, Str/Dex -1)
                  | [potion of mutation]
  6918 | D:7      | Identified the +1 pair of boots "Amorappo" {-Cast Rampage
                  | rElec Will++}
  7256 | D:8      | Noticed a two-headed ogre
  7267 | D:8      | Killed a two-headed ogre
  7276 | D:8      | Reached skill level 10 in Polearms
  7974 | D:8      | Found Jioss's General Store.
  7992 | D:8      | Noticed Maggie
  8035 | D:8      | Killed Maggie
  8578 | D:8      | Noticed a death yak
  8583 | D:8      | Reached **** piety under Beogh
  8583 | D:8      | Noticed a two-headed ogre
  8590 | D:8      | Noticed a death yak
  8590 | D:8      | Noticed a death yak
  8592 | D:8      | Killed a death yak
  8594 | D:8      | Killed a two-headed ogre
  8594 | D:8      | Gained Warrok as an ally
  8596 | D:8      | Killed a death yak
  8597 | D:8      | Reached XP level 11. HP: 87/95 MP: 2/16
  8597 | D:8      | Found a staircase to the Lair.
  8603 | D:8      | Killed a death yak
  8604 | D:8      | Reached skill level 11 in Polearms
  8831 | D:8      | Found a runed translucent gate.
  8831 | D:8      | Found a runed translucent gate.
  8833 | D:8      | Found a runed translucent gate.
  8836 | D:8      | Noticed exoticroomba's ghost (novice HOFi)
  8836 | D:8      | Noticed nmsoi's ghost (novice GnWn)
  9833 | D:5      | Killed Duvessa
  9835 | D:5      | Killed Dowan
 10175 | D:9      | Noticed a two-headed ogre
 10186 | D:9      | Killed a two-headed ogre
 10677 | D:9      | Found Qanup's Antique Armour Emporium.
 10683 | D:9      | Noticed Amaemon
 10695 | D:9      | Killed Amaemon
 11014 | D:9      | Bought a buckler for 144 gold pieces
 11515 | D:10     | Entered Level 10 of the Dungeon
 11528 | D:10     | Noticed Urug
 11599 | D:10     | Reached skill level 1 in Shields
 12041 | D:10     | Found a staircase to the Orcish Mines.
 12054 | D:10     | Noticed Maurice
 12072 | D:10     | Killed Maurice
 12495 | D:10     | Noticed Joseph
 12505 | D:10     | Killed Joseph
 13042 | D:11     | Reached skill level 12 in Polearms
 13272 | D:11     | Noticed a centaur warrior
 13272 | D:11     | Noticed a boulder beetle
 13283 | D:11     | Killed a centaur warrior
 13291 | D:11     | Reached XP level 12. HP: 75/106 MP: 18/18
 13300 | D:11     | Killed a boulder beetle
 13560 | D:11     | Noticed a sun demon
 14071 | D:12     | Noticed a two-headed ogre
 14082 | D:12     | Killed a two-headed ogre
 14083 | D:12     | Reached skill level 10 in Fighting
 14646 | D:12     | Found Ypiudoam's Blood Bar.
 14760 | D:12     | Noticed a two-headed ogre
 14765 | D:12     | Killed a two-headed ogre
 15884 | D:13     | Reached skill level 13 in Polearms
 15904 | D:13     | Noticed a vault guard
 15908 | D:13     | Killed a vault guard
 15914 | D:13     | Noticed a vault guard
 15915 | D:13     | Killed a vault guard
 15916 | D:13     | Noticed a vault guard
 16230 | D:13     | Killed a vault guard
 16307 | Orc:1    | Entered Level 1 of the Orcish Mines
 16475 | Orc:2    | Entered Level 2 of the Orcish Mines
 16540 | Orc:2    | Reached skill level 5 in Shields
 16540 | Orc:2    | Reached ***** piety under Beogh
 16652 | Orc:2    | Found a staircase to the Elven Halls.
 16671 | Orc:2    | Reached XP level 13. HP: 114/114 MP: 20/20
 17044 | Orc:2    | Found Teebbuos's Antique Weapon Boutique.
 17051 | Orc:2    | Reached skill level 10 in Invocations
 17052 | Orc:2    | Found Qykoadol's Armour Shop.
 17061 | Orc:2    | Found Jozafec's Jewellery Shop.
 17091 | Orc:2    | Found Mojont's Book Emporium.
 17140 | Orc:2    | Reached skill level 14 in Polearms
 17305 | Orc:2    | Found Dialis's Weapon Shop.
 18198 | Lair:1   | Entered Level 1 of the Lair of Beasts
 20079 | Lair:2   | Identified the +7 dagger of No Interval {drain, MP+9 Str+6
                  | Int+4 Dex-2}
 20504 | Lair:3   | Reached skill level 5 in Evocations
 20571 | Lair:3   | Reached skill level 10 in Armour
 21568 | Lair:3   | Found a staircase to the Snake Pit.
 22027 | Lair:3   | Found a staircase to the Shoals.
 22474 | Lair:4   | Gained Norbak as an ally
 23094 | Lair:5   | Entered Level 5 of the Lair of Beasts
 23145 | Lair:5   | Reached XP level 14. HP: 110/125 MP: 22/22
 23174 | Lair:5   | Reached ****** piety under Beogh
 23201 | Lair:5   | Reached skill level 15 in Polearms
 23236 | Lair:5   | Gained Warrok as an ally
 23441 | Lair:5   | Found a staircase to the Slime Pits.
 23442 | Lair:5   | Found a viscous altar of Jiyva.
 23685 | Lair:5   | Your ally Urug died
 23911 | Lair:5   | Found a runed translucent door.
 24122 | Lair:5   | Noticed Teubagezo's ghost (journeyman DECj)
 24132 | Lair:5   | Killed Teubagezo's ghost
 24784 | D:8      | Killed exoticroomba's ghost
 24785 | D:8      | Killed nmsoi's ghost
 25054 | D:13     | Found a gate to the Vaults.
 26426 | D:14     | Identified the ring of Idotabol {Fly rN+++ MP+9 Str-2
                  | Int-3}
 26842 | D:8      | Bought an amulet of reflection for 480 gold pieces
 27017 | D:15     | Entered Level 15 of the Dungeon
 27035 | D:15     | Identified the ring "Anaghal" {*Slow rC++ MP-9 EV+4 SInv}
 27377 | D:15     | Found Kiexyc's Specific Store.
 27385 | D:15     | Found Woekk's General Store.
 27495 | D:15     | Noticed Jorgrun
 27510 | D:15     | Killed Jorgrun
 27826 | D:15     | Found a staircase to the Depths.
 27826 | D:15     | Noticed a dire elephant
 27836 | D:15     | Killed a dire elephant
 27838 | D:15     | Reached skill level 16 in Polearms
 28531 | D:15     | Lost mutation: Your mind is acute. (Int +4, Str/Dex -1)
                  | [potion of mutation]
 28531 | D:15     | Lost mutation: You are clumsy. (Dex -2) [potion of
                  | mutation]
 28531 | D:15     | Lost mutation: You occasionally shout uncontrollably at
                  | your foes. [potion of mutation]
 28531 | D:15     | Gained mutation: You expend magic power (3 MP) to
                  | strengthen your wands. [potion of mutation]
 28531 | D:15     | Gained mutation: You have large cloven feet. [potion of
                  | mutation]
 28531 | D:15     | Gained mutation: Your mind is acute. (Int +4, Str/Dex -1)
                  | [potion of mutation]
 28725 | Elf:1    | Entered Level 1 of the Elven Halls
 28732 | Elf:1    | Paralysed by an air elemental for 1 turns
 28736 | Elf:1    | Paralysed by an air elemental for 1 turns
 28891 | Elf:1    | Found a runed translucent door.
 28920 | Elf:1    | Noticed Cakin's ghost (adept DDNe)
 28941 | Elf:1    | Killed Cakin's ghost
 28942 | Elf:1    | Reached XP level 15. HP: 67/134 MP: 24/24
 29105 | Elf:1    | Your ally Warrok died
 29304 | Elf:1    | Gained Rocco as an ally
 29329 | Elf:1    | Found Vubbis's Antique Weapon Shoppe.
 29331 | Elf:1    | Found Kajeisch's Jewellery Shoppe.
 29331 | Elf:1    | Found Zeeluz's Antique Weapon Emporium.
 29336 | Elf:1    | Found Tustrudgh's Antique Armour Emporium.
 29342 | Elf:1    | Bought a pair of glowing gloves for 210 gold pieces
 29608 | Elf:1    | Identified a scroll of acquirement
 29608 | Elf:1    | Acquired the +1 hat "Ucveamn" {rF+ MP+9 Str+3}
 29789 | Elf:1    | Noticed a deep elf sorcerer
 29794 | Elf:1    | Killed a deep elf sorcerer
 30219 | Elf:1    | Paralysed by an air elemental for 1 turns
 30241 | Elf:1    | Your ally Warrok died
 30642 | Elf:1    | Paralysed by an air elemental for 1 turns
 30805 | Elf:2    | Your ally Warrok died
 31117 | Elf:2    | Found a magical portal.
 31126 | WizLab   | Entered The Chambers of the Cloud Mage
 31315 | WizLab   | Paralysed by an air elemental for 1 turns
 31367 | WizLab   | Slain by a shock serpent

Illustrated notes

Levels and vault maps discovered:
D:1:      shiori_arrival_maze, layout_basic, hellmonk_ecumenical_altar_run_dry,
          minmay_tree_intersection
D:2:      layout_loops_ring, uniq_sigmund
D:3:      layout_basic, makhleb_altar_promises_db
D:4:      layout_rooms, mainiacjoe_overflow_small_starburst,
          mainiacjoe_overflow_catwalk
D:5:      gammafunk_wand_slinger, layout_cave_pools, kennysheep_mini,
          dk_yredelemnul_ordeal, trog_ov_bears_minmay, uniq_duvessa,
          uniq_blork_the_orc
D:6:      layout_cave_pools, lemuel_temple_firewalk_b, uniq_prince_ribbit1
D:7:      nzn_winding_woodlands_small [nzn_winding_woodlands_5x15_jagged,
          nzn_winding_woodlands_center_lodge,
          nzn_winding_woodlands_5x15_lazy_stream], layout_loops_ring,
          overflow_temple_1_default, serial_demonic, serial_demonic_a,
          serial_demonic_c, serial_demonic_b, serial_demonic_c,
          serial_demonic_b, serial_demonic_d
D:8:      layout_loops_corners, dpeg_lair_monsters, serial_shops, shop,
          gammafunk_ghost_cemetery, minmay_bent, uniq_maggie
D:9:      layout_irregular_city, serial_shops, shop, kennysheep_generic_room_10,
          uniq_amaemon
D:10:     layout_small_grid, hiddenorc2_lemuel, blue_anna_alchemist, uniq_urug,
          uniq_joseph, uniq_maurice
D:11:     layout_loops_ring
D:12:     layout_irregular_city, guppyfry_shop_blood
D:13:     layout_basic, ximxim_vaults_locker_room, serial_ice, serial_ice_h,
          serial_ice_i, serial_ice_g, serial_ice_m,
          portal_ice_cave_entry_pillars_2, minmay_nine_imps
D:14:     layout_cave_pods, chequers_serial_rivers_room_b
D:15:     hangedman_depths_entry_try_elsewhere_first, layout_irregular_city,
          serial_column_ruins, column_ruins_grid_1, column_ruins_grid_2,
          column_ruins_columns_corner, column_ruins_open_small,
          column_ruins_grid_1, nicolae_specific_store, palyth_stone_intersect,
          uniq_jorgrun
Lair:1:   layout_gridlike
Lair:2:   layout_layer_cave, st_stairs_6
Lair:3:   layout_hall_layers, elwin_shoals_entry_rooms,
          guppyfry_snake_entry_garden, minivault_24,
          chequers_serial_rivers_large_a, serial_bayou_shore_a
Lair:4:   layout_roguey, chequers_serial_rivers_micro_a, serial_bayou_shore_b
Lair:5:   grunt_lair_end_beastmaster, layout_gridlike,
          minmay_slime_entry_oklob_open, ebering_ghost_reflecting_pool
Orc:1:    layout_diamond_mine
Orc:2:    st_orc_open, layout_caves, serial_shops, shop
Elf:1:    eino_elf_arrival_shootout, layout_geoelf_grid, gammafunk_ghost_grave,
          hangedman_elf_represent, minmay_shoptagon
Elf:2:    elven_hall_of_blades_hangedman_alternative
          [nicolae_vaults_blade_armed_guards], layout_gridlike, serial_shops,
          nicolae_shop_behind_doors, serial_aquarium,
          aquarium_bridge_island_small [aquarium_subvault_small_open,
          aquarium_subvault_bridge, aquarium_subvault_wall,
          aquarium_subvault_balcony, aquarium_subvault_bridge],
          aquarium_bridge_straight [aquarium_subvault_bridge,
          aquarium_subvault_window, aquarium_subvault_bridge,
          aquarium_subvault_wall], aquarium_window_2, aquarium_window_1,
          aquarium_window_fake, aquarium_window_1, aquarium_view_2a,
          mu_enter_wizlab_3
WizLab:   wizlab_cloud

Skill      XL: |  1  2  3  4  5  6  7  8  9 10 11 12 13 14 15 |
---------------+----------------------------------------------+-----
Polearms       | 5 6 7 9 10 12 13 14 16 | 16.8
Fighting       | 4 5 6 7 8 9 10 11 12 13 | 13.3
Armour         | 2 3 4 5 6 8 9 10 11 | 11.8
Throwing       | 1 2 |  2.0
Dodging        | 3 4 5 6 7 8 |  8.0
Invocations    | 3 5 6 8 9 11 12 13 | 13.1
Evocations     | 2 3 4 5 |  5.0
Shields        | 2 5 6 8 9 |  9.2
Stealth        | |  1.5

Action                   |  1- 3 |  4- 6 |  7- 9 | 10-12 | 13-15 || total
-------------------------+-------+-------+-------+-------+-------++-------
Melee: Spear             |    97 |    69 |   177 |   595 |   622 ||  1560
       Punch             |     2 |       |     3 |     1 |       ||     6
Throw: Dart              |       |       |     3 |     4 |       ||     7
Invok: Convert to Beogh  |       |     1 |       |       |       ||     1
       Smiting           |       |       |     2 |     6 |     2 ||    10
       Recall Orcish Fol |       |       |       |     4 |    16 ||    20
       Give Item to Name |       |       |       |       |     4 ||     4
       Resurrection      |       |       |       |       |     1 ||     1
  Use: Potion            |     6 |     2 |     8 |     4 |     4 ||    24
       Scroll            |     2 |       |     8 |     1 |    10 ||    21
 Stab: Sleeping          |     3 |     4 |       |       |       ||     7
       Distracted        |       |       |     1 |     1 |     5 ||     7
Armor: Robe              |    14 |     7 |    24 |       |       ||    45
       Skin              |       |       |     2 |       |       ||     2
       Ring mail         |       |       |    18 |    98 |       ||   116
       Plate armour      |       |       |       |     1 |   192 ||   193
Dodge: Dodged            |    38 |    28 |    81 |   171 |    80 ||   398
Block: Buckler           |       |       |       |    28 |    35 ||    63
       Tower shield      |       |       |       |       |   151 ||   151
       Reflection        |       |       |       |       |    14 ||    14

Table legend: (Time is in decaauts)
 A = Elapsed time spent in this place.
 B = Non-inter-level travel time spent in this place.
 C = Inter-level travel time spent in this place.
 D = Time resting spent in this place.
 E = Time spent auto-exploring this place.
 F = Levels seen in this place.
 G = Mean time per level.
                   A        B        C        D        E       F      G
               +--------+--------+--------+--------+--------+-----+--------+
         Total |  30879 |  27029 |   3850 |   6934 |  16975 |  25 | 1235.2 |
       Dungeon |  20413 |  17772 |   2641 |   4790 |  10867 |  15 | 1360.9 |
          Lair |   6102 |   5268 |    834 |   1105 |   3673 |   5 | 1220.4 |
  Orcish Mines |   1760 |   1503 |    257 |    137 |   1222 |   2 |  880.0 |
   Elven Halls |   2366 |   2249 |    117 |    723 |   1188 |   2 | 1183.0 |
        Wizlab |    236 |    236 |      0 |    179 |     25 |   1 |  236.0 |
               +--------+--------+--------+--------+--------+-----+--------+

Top non-repeatable levels by time:
     D:8: 2498 daAuts
     D:7: 1978 daAuts
   Elf:1: 1964 daAuts
  Lair:3: 1757 daAuts
    D:12: 1692 daAuts
    D:10: 1664 daAuts
     D:9: 1645 daAuts
    D:15: 1569 daAuts
    D:13: 1482 daAuts
     D:1: 1388 daAuts
  Lair:5: 1236 daAuts
   Orc:2: 1154 daAuts
    D:11: 1145 daAuts
  Lair:1: 1116 daAuts
  Lair:2: 1111 daAuts
